Map: [EWC] Ghost River

Players

Clem - Winner!

  • Race: Terran Terran
  • Spawn Location: 11:00

Serral

  • Race: Zerg Zerg
  • Spawn Location: 1:00

Event: Esports World Cup 2024

VOD

Have the link to the VOD?

Description

Time

  • Played on: Aug. 15, 2024, 2:01 p.m.
  • Length: 12:43

All games in this series

Show
View Real Time Build Order
Export as new Build Order

Clem Terran - Winner!

Build Orders: Reaper Expand, Hellion Banshee 

Get SALT Encoding   

  12  0:00  SCV  
  13  0:12  SCV  
  14  0:17  Supply Depot  
  14  0:24  SCV  
  15  0:38  SCV  
  15  0:40  Barracks  
  16  0:43  Refinery  
  16  0:50  SCV  
  17  1:02  SCV  
  18  1:14  SCV  
  19  1:27  Orbital Command, Reaper  
  20  1:38  Command Center  
  20  1:46  Supply Depot  
  20  1:52  SCV  
  21  1:59  Marine  
  22  2:04  SCV  
  23  2:10  Factory  
  23  2:16  SCV  
  23  2:20  Barracks Reactor  
  24  2:29  SCV  
  25  2:39  Command Center  
  25  2:42  SCV  
  26  2:50  Orbital Command  
  26  2:54  SCV  
  27  3:02  Hellion  
  27  3:03  Hellion  
  31  3:07  SCV  
  31  3:10  Starport  
  32  3:16  Refinery  
  32  3:17  SCV  
  32  3:19  SCV  
  34  3:26  Hellion x2  
  38  3:29  Barracks Tech Lab  
  38  3:30  SCV  
  38  3:32  SCV  
  40  3:42  SCV  
  40  3:44  SCV  
  42  3:48  Hellion  
  42  3:49  Hellion  
  42  3:54  SCV  
  42  3:55  Orbital Command  
  41  3:56  SCV  
  41  4:06  SCV  
  41  4:08  SCV  
  39  4:10  Banshee  
  39  4:11  Cloaking Field  
  39  4:16  Hellion  
  44  4:19  Hellion  
  44  4:20  SCV  
  44  4:21  SCV  
  48  4:30  Supply Depot, Barracks Tech Lab  
  48  4:31  SCV  
  49  4:32  SCV  
  49  4:34  SCV  
  51  4:41  Barracks  
  51  4:43  SCV  
  51  4:44  SCV  
  53  4:46  Barracks  
  53  4:49  Marine  
  53  4:50  Factory Reactor  
  53  4:51  SCV  
  53  4:52  Stimpack  
  55  4:54  Banshee  
  55  4:57  SCV  
  59  5:00  Supply Depot  
  59  5:01  SCV  
  59  5:03  SCV  
  61  5:09  SCV  
  61  5:10  Orbital Command  
  61  5:12  Engineering Bay  
  61  5:13  Engineering Bay  
  62  5:15  SCV  
  62  5:18  Marine  
  65  5:21  SCV  
  65  5:22  Supply Depot  
  65  5:27  Barracks x2  
  65  5:28  Refinery  
  65  5:30  Refinery  
  65  5:31  SCV  
  65  5:32  Marine  
  67  5:36  SCV  
  67  5:37  SCV  
  69  5:42  Marine  
  69  5:43  Marine  
  69  5:44  SCV  
  69  5:46  Marine  
  69  5:47  Marine  
  69  5:48  Starport Reactor  
  69  5:49  SCV  
  75  5:50  SCV  
  75  5:52  Marine  
  75  5:56  Siege Tank  
  80  5:57  Supply Depot  
  80  5:58  Supply Depot, Terran Infantry Weapons Level 1  
  80  5:59  SCV  
  80  6:02  Terran Infantry Armor Level 1  
  80  6:04  SCV  
  82  6:05  Marine  
  82  6:07  Marine  
  82  6:09  SCV  
  82  6:11  SCV, Marine  
  84  6:17  Barracks Reactor x2  
  85  6:19  SCV, Marine  
  85  6:21  Marine  
  85  6:22  SCV  
  85  6:23  SCV  
  85  6:25  Medivac  
  92  6:28  Supply Depot  
  92  6:31  SCV  
  93  6:33  Marine x2  
  93  6:34  SCV  
  93  6:36  SCV  
  93  6:37  Supply Depot  
  93  6:38  Combat Shield  
  97  6:40  Marine x3  
  97  6:43  SCV  
  101  6:50  SCV x2, Siege Tank  
  101  6:51  Marine x2  
  101  6:52  Supply Depot, Refinery  
  101  6:54  Supply Depot, Marine  
  109  6:58  Supply Depot, SCV, Marine x3  
  109  7:01  Marine x3  
  115  7:05  SCV  
  115  7:08  Factory  
  117  7:11  Supply Depot  
  117  7:13  SCV x2, Marine x3  
  117  7:15  Medivac  
  124  7:17  SCV  
  124  7:20  Marine, Medivac  
  124  7:21  Marine x2  
  130  7:26  Supply Depot  
  130  7:29  Marine  
  130  7:30  Marine  
  130  7:32  Marine x3  
  130  7:33  Command Center  
  130  7:36  Marine  
  135  7:39  Siege Tank, Marine  
  139  7:45  Supply Depot, Marine, Armory  
  139  7:49  Medivac  
  139  7:50  Marine x2  
  144  7:52  Marine  
  144  7:54  Marine x2  
  144  7:55  Factory Reactor  
  147  8:00  Medivac  
  147  8:01  Marine  
  147  8:02  Supply Depot  
  147  8:03  Marine x2  
  147  8:05  Marine  
  153  8:08  Marine  
  153  8:11  Marine, Widow Mine  
  157  8:17  Supply Depot, Marine  
  158  8:24  Marine  
  158  8:25  Marine  
  160  8:27  Barracks  
  160  8:28  Barracks x2  
  160  8:32  Siege Tank  
  160  8:33  Widow Mine x2  
  167  8:35  Marine  
  167  8:36  Terran Infantry Weapons Level 2  
  167  8:39  Terran Infantry Armor Level 2  
  164  8:41  SCV x2  
  164  8:43  Marine  
  164  8:45  Marine x2  
  169  8:48  Drilling Claws  
  169  8:53  Marine  
  169  8:54  Supply Depot, Widow Mine  
  169  8:55  Supply Depot  
  172  8:56  Marine  
  172  8:59  Terran Vehicle And Ship Armor Level 1, Marine, Widow Mine  
  176  9:04  Supply Depot  
  176  9:07  SCV x3  
  176  9:08  Widow Mine  
  176  9:09  Marine  
  180  9:11  Medivac  
  180  9:12  Marine  
  180  9:14  Marine x2  
  180  9:15  Marine x2, Widow Mine  
  185  9:19  SCV  
  185  9:22  Marine  
  185  9:23  Widow Mine  
  185  9:24  Marine x2  
  152  9:26  Marine  
  152  9:30  Barracks Tech Lab x2, Marine, Widow Mine  
  152  9:31  Barracks Tech Lab  
  149  9:32  Marine  
  149  9:33  SCV  
  149  9:36  Cyclone  
  149  9:37  Medivac  
  155  9:39  SCV, Marine  
  155  9:44  Marine x3, Widow Mine  
  162  9:51  Marine, Widow Mine  
  162  9:52  Marine x2  
  140  9:55  Liberator  
  140  9:59  SCV  
  142  10:01  Marauder  
  142  10:02  Marine x2  
  142  10:03  SCV  
  146  10:08  SCV  
  146  10:11  Planetary Fortress  
  146  10:12  Widow Mine, Sensor Tower  
  149  10:14  Marine x2, Marauder  
  149  10:15  SCV  
  149  10:20  Marine, Widow Mine  
  158  10:21  SCV  
  158  10:22  Marine x2  
  158  10:23  SCV  
  158  10:25  Marine x3  
  166  10:28  Marauder x3  
  166  10:32  Marine  
  166  10:33  Marine  
  166  10:35  Widow Mine  
  170  10:36  Marauder  
  170  10:38  Marine  
  170  10:40  Liberator  
  168  10:44  Marine x3, Widow Mine  
  168  10:46  Marine  
  168  10:47  SCV x2  
  168  10:48  Marine  
  168  10:49  Marine  
  175  10:50  Marauder  
  175  10:51  Marauder  
  176  10:57  Marauder  
  176  10:59  Liberator  
  176  11:01  Marine x2, Widow Mine  
  176  11:03  Marine  
  183  11:08  Marauder  
  183  11:10  Widow Mine  
  183  11:11  Marine x4, Marauder  
  188  11:14  Marauder  
  178  11:20  Marine x2  
  178  11:21  Marine  
  178  11:22  Marine  
  178  11:23  Marauder, Medivac  
  183  11:26  Widow Mine  
  183  11:29  Marine x3, Marauder  
  183  11:31  Marine, Widow Mine  
  193  11:32  Marauder  
  193  11:35  Marine, Widow Mine  
  193  11:38  Marine  
  193  11:39  SCV  
  182  11:40  Marine x2  
  182  11:43  Marine  
  182  11:44  Marauder  
  182  11:46  Marine  
  182  11:47  Marine x2  
  171  11:50  Marine  
  171  11:51  Marauder  
  171  11:53  Marine  
  171  11:54  Marauder  
  173  11:55  Marine  
  173  11:57  Widow Mine  
  174  12:01  Marine  
  174  12:02  Command Center  
  174  12:06  Marine, Marauder  
  178  12:09  Marine x4  
  178  12:12  Marine, Marauder, Widow Mine  
  188  12:17  Marauder, Widow Mine  
  188  12:22  Marine x2, Widow Mine  
  194  12:24  Marine  
  194  12:25  Marine  
  194  12:27  Ghost Academy  
Show
View Real Time Build Order
Export as new Build Order

Serral Zerg 

Build Orders: Hatch First 

Get SALT Encoding   

  12  0:00  Drone  
  13  0:12  Overlord  
  13  0:16  Drone  
  14  0:30  Drone x2  
  16  0:47  Hatchery  
  15  0:51  Drone  
  15  0:54  Drone  
  17  0:57  Drone  
  18  1:06  Extractor  
  17  1:13  Spawning Pool  
  17  1:15  Drone  
  17  1:19  Drone  
  18  1:27  Drone  
  19  1:38  Drone  
  20  1:49  Overlord  
  20  1:59  Queen x2  
  20  2:00  Zergling x2  
  20  2:01  Zergling x2  
  26  2:05  Metabolic Boost  
  26  2:10  Zergling x2  
  26  2:11  Drone  
  28  2:23  Drone x2  
  30  2:34  Overlord  
  30  2:35  Drone, Queen  
  33  2:48  Drone  
  34  2:55  Hatchery  
  34  2:56  Drone x3  
  36  3:07  Overlord  
  36  3:08  Drone  
  36  3:09  Drone x3  
  36  3:10  Drone  
  41  3:13  Drone  
  41  3:16  Drone  
  43  3:23  Drone  
  43  3:24  Queen  
  46  3:29  Queen  
  48  3:41  Zergling x6  
  51  3:43  Zergling x2  
  51  3:44  Overlord  
  52  3:49  Evolution Chamber  
  52  3:52  Evolution Chamber  
  52  3:53  Drone x2  
  52  3:54  Drone  
  51  3:58  Drone  
  51  3:59  Drone x2  
  51  4:00  Spore Crawler  
  50  4:06  Drone x2  
  50  4:09  Drone  
  54  4:14  Queen x2  
  54  4:15  Drone  
  54  4:16  Drone  
  60  4:22  Zergling x4  
  60  4:24  Drone, Overlord  
  62  4:27  Overlord  
  62  4:29  Drone  
  62  4:30  Drone  
  65  4:37  Overlord  
  65  4:41  Queen  
  68  4:45  Drone x2, Extractor  
  68  4:46  Evolution Chamber x2  
  68  4:49  Drone  
  68  4:50  Drone x2  
  68  4:52  Drone  
  70  4:56  Drone x3  
  70  4:58  Overlord  
  73  5:01  Drone x2  
  75  5:07  Spore Crawler  
  75  5:11  Zergling x2  
  75  5:12  Zergling x2  
  76  5:15  Spore Crawler x2  
  76  5:17  Drone x3, Zerg Ground Armor Level 1  
  76  5:18  Drone  
  78  5:22  Drone x3  
  78  5:23  Drone  
  82  5:28  Lair  
  82  5:31  Drone x3  
  82  5:32  Drone  
  82  5:34  Drone x2  
  88  5:38  Extractor  
  88  5:39  Drone x2, Extractor  
  88  5:45  Drone  
  88  5:46  Drone x2  
  88  5:48  Drone x2  
  93  5:50  Extractor  
  93  5:51  Drone  
  93  5:55  Baneling Nest  
  92  5:57  Zergling x4  
  92  5:58  Zergling x4  
  92  5:59  Drone  
  92  6:03  Hatchery, Drone  
  97  6:06  Overlord  
  97  6:10  Spore Crawler  
  96  6:12  Drone  
  96  6:15  Hatchery  
  96  6:17  Queen, Overlord  
  97  6:23  Overlord  
  97  6:25  Drone x9  
  97  6:31  Zerg Melee Weapons Level 1  
  105  6:35  Queen  
  105  6:37  Overlord  
  105  6:38  Infestation Pit  
  105  6:39  Centrifugal Hooks, Zergling x4  
  108  6:44  Zergling x2  
  108  6:45  Zergling x6  
  112  6:53  Zergling x2  
  113  6:55  Hatchery  
  113  6:59  Overlord  
  113  7:01  Zergling x12  
  113  7:03  Baneling x10  
  113  7:07  Zergling x6  
  121  7:12  Zerg Ground Armor Level 2  
  121  7:14  Overlord  
  121  7:18  Hive  
  121  7:22  Zergling x10  
  126  7:28  Zergling x8  
  130  7:31  Baneling x3  
  130  7:33  Queen  
  132  7:38  Zergling x12  
  132  7:41  Zergling x2  
  132  7:42  Zergling x4  
  135  7:45  Zergling x2  
  135  7:48  Zergling x6  
  139  7:52  Baneling x7  
  139  7:54  Zergling x8  
  139  7:55  Overseer  
  142  8:01  Zergling x4  
  143  8:06  Zergling x2  
  143  8:08  Overlord x2  
  143  8:09  Overlord  
  144  8:17  Baneling x12  
  144  8:21  Zergling x12  
  144  8:25  Baneling x8  
  150  8:27  Zerg Melee Weapons Level 2  
  150  8:30  Zergling x6  
  153  8:35  Zergling x10  
  153  8:39  Zergling x8  
  159  8:43  Adrenal Glands  
  159  8:47  Zergling x6  
  162  8:56  Viper  
  162  8:57  Overlord x2  
  165  9:03  Zergling x18  
  174  9:11  Baneling  
  174  9:12  Baneling x8  
  174  9:14  Zergling x4  
  139  9:25  Zergling x36  
  139  9:30  Baneling x9  
  146  9:35  Zergling x12  
  152  9:39  Pneumatized Carapace  
  152  9:40  Overseer  
  126  9:54  Zergling x20  
  126  9:57  Hatchery  
  126  9:59  Baneling x10  
  130  10:02  Zergling x8  
  134  10:09  Zergling x14  
  138  10:24  Zergling x20  
  147  10:33  Zergling x16, Overseer  
  147  10:34  Zergling x2  
  153  10:44  Overlord  
  153  10:45  Zergling x12  
  151  10:56  Zergling x14  
  156  11:06  Baneling x9  
  156  11:07  Zergling x20  
  166  11:14  Zergling x16  
  155  11:29  Zergling x24  
  165  11:39  Zergling x8  
  152  11:42  Zergling x6  
  152  11:43  Zergling x8  
  149  11:53  Viper x2  
  149  11:54  Viper  
  143  11:57  Hatchery, Baneling x10  
  149  12:02  Zergling x16  
  156  12:10  Zergling x10  
  156  12:15  Baneling  
  158  12:18  Baneling x2, Hatchery  
  158  12:19  Zergling x6  
  153  12:23  Baneling x5  
  153  12:26  Zergling x2  
Tags
 
Add a new tag
Caveats
  • Supply blocks, unpowered buildings, or Contaminate may cause inaccurate times.
  • Supply counts are checked every 10 seconds.